 Dungeon Crawl Stone Soup version 0.27.1 (webtiles) character file.

Game seed: 14467776883631654052

480 nxtlvl the Ruffian (level 6, -2/59 HPs)
             Began as a Troll Abyssal Knight on Sept 5, 2021.
             Was a Believer of Lugonu.
             Slain by an unseen horror (10 damage)
             ... on level 6 of the Dungeon.
             The game lasted 00:10:11 (1309 turns).

nxtlvl the Ruffian (Troll Abyssal Knight)           Turns: 1309, Time: 00:10:12

Health: -2/59      AC:  4    Str: 21    XL:     6   Next: 86%
Magic:  15/15      EV: 13    Int: 10    God:    Lugonu [**....]
Gold:   98         SH:  0    Dex:  9    Spells: 2/5 levels left

rFire    . . .     SeeInvis .     - Unarmed
rCold    . . .     Faith    .   (no shield)
rNeg     . . .     Spirit   .   a - +0 robe
rPois    .         Reflect  .   (helmet restricted)
rElec    .         Harm     .   (no cloak)
rCorr    .         Rampage  .   (gloves unavailable)
Will     .....                  (boots unavailable)
Stlth    +.........             (no amulet)
HPRegen  1.19/turn              q - ring of magical power
MPRegen  0.14/turn              v - +4 ring of evasion

@: no status effects
A: large, unfitting armour, claws 3, regeneration 1, shaggy fur 1, tough skin 1
a: Renounce Religion, Depart the Abyss, Bend Space


You were on level 6 of the Dungeon.
You worshipped Lugonu.
Lugonu was pleased with you.
You visited 1 branch of the dungeon, and saw 6 of its levels.
You visited the Abyss 1 time.

You collected 122 gold pieces.
You spent 24 gold pieces at shops.

Inventory:

Hand Weapons
 i - a +0 hunting sling
Missiles
 c - 5 boomerangs
 f - 10 poisoned darts
 n - 3 curare-tipped darts
Armour
 a - a +0 robe (worn)
Jewellery
 e - a ring of wizardry
 h - a ring of fire
 q - a ring of magical power (left claw)
 v - a +4 ring of evasion (right claw)
Wands
 p - a wand of polymorph (10)
Scrolls
 j - 3 scrolls of teleportation {unknown}
 l - 2 scrolls of blinking {unknown}
 m - a scroll of enchant armour {unknown}
 o - a scroll of identify
 s - 2 scrolls of magic mapping {unknown}
 u - a scroll of noise {unknown}
 w - a scroll of summoning {unknown}
Potions
 b - 2 potions of resistance {unknown}
 d - 6 potions of curing
 g - a potion of attraction
 k - 2 potions of cancellation {unknown}
 r - a potion of brilliance {unknown}
 t - a potion of might {unknown}


   Skills:
 - Level 2.4 Fighting
 - Level 1.9 Dodging
 * Level 6.4 Unarmed Combat
 * Level 2.6 Transmutations
 - Level 1.5 Invocations


You had 2 spell levels left.
You knew the following spells:

 Your Spells              Type           Power      Damage    Failure   Level
a - Beastly Appendage     Tmut           10%        N/A       13%         1
s - Wereblood             Tmut           5%         N/A       19%         2

Your spell library contained the following spells:

 Spells                   Type           Power      Damage    Failure   Level
 Apportation              Tloc           0%         N/A       36%         1
 Summon Small Mammal      Summ           0%         N/A       36%         1
 Spider Form              Tmut/Pois      1%         N/A       54%         3
 Call Canine Familiar     Summ           0%         N/A       75%         3
 Summon Guardian Golem    Hex/Summ       0%         N/A       75%         3
 Alistair's Intoxication  Tmut/Pois      1%         N/A       99%         5
 Invisibility             Hex            0%         N/A       100%        6


Dungeon Overview and Level Annotations

Branches:
Dungeon (6/15)             Temple (0/1) D:4

Altars:

Shops:
D:3 *   D:4 (

Annotations:
D:5 3 runed translucent doors, shadowrider38's ghost, novice HOAr


Innate Abilities, Weirdness & Mutations

You are too large for most types of armour.
You have claws for hands.
Your natural rate of healing is unusually fast.
You are covered in fur. (AC +1)
You have tough skin. (AC +1)


Message History

You scratch the sky beast.
The sky beast is lightly wounded.
The sky beast hits you but does no damage.
You barely miss the sky beast.
The sky beast is lightly wounded.
The sky beast barely misses you.
You closely miss the sky beast.
The sky beast is lightly wounded.
The sky beast hits you but does no damage.
You barely miss the sky beast.
The sky beast is lightly wounded.
The sky beast flickers out of sight!
Deactivating autopickup; reactivate with Ctrl-A.
Something hits you. Something shocks you.
Found a stone staircase leading down.
Something hits you. Something shocks you.
A sky beast appears from thin air!
Reactivating autopickup.
You mangle the sky beast!!
The sky beast is severely wounded.
The sky beast hits you. The sky beast shocks you.
You mangle the sky beast!!
You kill the sky beast!
Lugonu accepts your kill.
s - 2 scrolls labelled JIR SEON QESMA (gained 1)
Something hits you!
Deactivating autopickup; reactivate with Ctrl-A.
Something hits you. Something hits you. x2
Something hits you. Something hits you but does no damage. Something hits you.
Something hits you! Something hits you. Something hits you but does no damage.
Something hits you!
* * * LOW HITPOINT WARNING * * *
Something hits you!
* * * LOW HITPOINT WARNING * * *
Something hits you.
* * * LOW HITPOINT WARNING * * *
There is a stone staircase leading up, spattered with blood here.
Something hits you!
You die...

#.###.....#.###....
#..#.....##.# ... #
#..........# .. #○
##.......###
###.########.......#
..°.......###.....##
...........##.....##
...°...............#
###8########....@..#
#.......# ##.....##
##...## #####


There were no monsters in sight!

Vanquished Creatures
  An ice beast (D:5)
  A sky beast (D:6)
  An ogre (D:4)
  2 iguanas (D:5)
  A howler monkey zombie (D:3)
  6 adders
  2 gnolls (D:3)
  A shadow imp (D:5)
  An ufetubus (D:4)
  A worm (D:4)
  3 dart slugs
  8 orcs
  2 giant cockroaches
  5 goblins
  2 hobgoblins
  4 kobolds
  3 ball pythons
  3 bats
  A frilled lizard (D:1)
  4 rats
52 creatures vanquished.

Notes
Turn   | Place    | Note
-------+----------+-------------------------------------------
     0 | Abyss:1  | nxtlvl the Troll Abyssal Knight began the quest for the
                  | Orb.
     0 | Abyss:1  | Reached XP level 1. HP: 22/22 MP: 1/1
    19 | D:1      | Escaped the Abyss
   264 | D:1      | Reached XP level 2. HP: 29/29 MP: 2/2
   299 | D:1      | Found a faded altar of an unknown god.
   346 | D:2      | Reached skill level 3 in Unarmed Combat
   447 | D:2      | Reached XP level 3. HP: 31/36 MP: 3/3
   535 | D:3      | Reached skill level 4 in Unarmed Combat
   548 | D:3      | Found Romesokh's General Store.
   588 | D:3      | Bought a scroll of identify for 24 gold pieces
   635 | D:3      | Reached ** piety under Lugonu
   636 | D:3      | Reached XP level 4. HP: 44/44 MP: 4/4
   644 | D:3      | Found Itaekiuss's General Store.
   767 | D:4      | Reached skill level 5 in Unarmed Combat
   778 | D:4      | Learned a level 1 spell: Beastly Appendage
   781 | D:4      | Learned a level 2 spell: Wereblood
   823 | D:4      | Found a staircase to the Ecumenical Temple.
   914 | D:4      | Noticed an ogre
   921 | D:4      | Killed an ogre
   922 | D:4      | Reached skill level 1 in Transmutations
   922 | D:4      | Reached XP level 5. HP: 17/50 MP: 5/5
  1024 | D:4      | Found Ebban's Weapon Shoppe.
  1058 | D:5      | Entered Level 5 of the Dungeon
  1119 | D:5      | Reached XP level 6. HP: 23/59 MP: 6/6
  1154 | D:5      | Noticed an ice beast
  1195 | D:5      | Killed an ice beast
  1196 | D:5      | Reached skill level 6 in Unarmed Combat
  1243 | D:5      | Noticed shadowrider38's ghost (novice HOAr)
  1245 | D:5      | Found a runed translucent gate.
  1245 | D:5      | Found a runed translucent gate.
  1245 | D:5      | Found a runed translucent gate.
  1257 | D:6      | Noticed a sky beast
  1282 | D:6      | Killed a sky beast
  1309 | D:6      | Slain by an unseen horror

Illustrated notes

Levels and vault maps discovered:
D:1:      matt_arrival_refuge, layout_loops_corners, basic_ecumenical_altar
D:2:      layout_loops_ring, uniq_jessica
D:3:      layout_basic, serial_shops, nicolae_lakefront_shop,
          nicolae_shop_crystal, nicolae_diamond_shop, shop_fountains,
          nicolae_shop_waterfront
D:4:      layout_loops_corners, minmay_temple_entry_fiery, serial_shops,
          nicolae_shop_competitors_out_of_business, uniq_robin, uniq_edmund
D:5:      cheibrodos_helix_gallery, layout_cave_pods,
          nicolae_ru_sacrificial_ziggurat, gammafunk_ghost_split,
          kennysheep_dice
D:6:      layout_rooms, gammafunk_ghost_hive, fountainhead,
          lemuel_flamethrower_1, uniq_duvessa, uniq_sigmund

Skill      XL: |  1  2  3  4  5  6 |
---------------+-------------------+-----
Unarmed Combat | 3 4 5 6 |  6.4
Transmutations | 1 2 |  2.6
Fighting       | |  2.4
Dodging        | |  1.9
Invocations    | |  1.5

Action                   |  1- 3 |  4- 6 || total
-------------------------+-------+-------++-------
Melee: Unarmed           |    69 |   103 ||   172
       Punch             |       |     4 ||     4
  Use: Scroll            |     1 |       ||     1
       Potion            |       |     1 ||     1
 Stab: Sleeping          |     1 |       ||     1
Armor: Robe              |    32 |    26 ||    58
Dodge: Dodged            |    31 |    46 ||    77
